AoeStats
← Ringed_bagels

Arabia

510015442Analyzed
3v3 RM · 3d ago on Sep 29, 2026· 71m 0s· 6 players
Game mode
Random Map
Map size
Normal (6 player)
Population
200
Speed
Normal
Resources
Standard
Victory
Conquest
Starting age
Dark Age
Ending age
Imperial Age
RankedLock teamsTeams togetherTeam positionsShared explorationLock speedFull tech treeHidden civsTurbo modeCheats
Victory
Defeat
🇦🇷 Vikings · Argentina
981
+17
🇦🇷 Britons · Argentina
975
+17
🇦🇷 Goths · Argentina
906
+20
🇺🇸 Varangians · United States
1030
-19
🇺🇸 Goths · United States
1020
-19
🇺🇸 Magyars · United States
939
-16
Ma Chao
2:52 Loom
10:53 Feudal Age
14:51 Fletching
16:09 Padded Archer Armor
24:43 Castle Age
22:46 Horse Collar
24:03 Gold Mining
24:01 Double-Bit Axe
24:46 Crossbowman
31:34 Wheelbarrow
33:02 Scale Barding Armor
34:06 Bodkin Arrow
35:10 Forging
35:15 Leather Archer Armor
35:06 Husbandry
35:41 Heavy Plow
36:28 Chain Barding Armor
36:59 Iron Casting
40:02 Gold Shaft Mining
44:41 Imperial Age
42:30 Hand Cart
45:16 Elite Skirmisher
45:59 Cavalier
51:31 Chemistry
50:54 Ballistics
53:25 Blast Furnace
53:01 Plate Barding Armor
52:28 Bracer
68:53 Spies/Treason
RAMA LODBROK
1:22 Loom
11:18 Feudal Age
12:02 Man-at-Arms
14:17 Forging
15:00 Scale Mail Armor
15:16 Arson
15:51 Horse Collar
24:02 Castle Age
23:21 Double-Bit Axe
23:30 Gold Mining
24:03 Long Swordsman
24:44 Squires
25:01 Chain Mail Armor
25:22 Iron Casting
30:06 Town Watch
46:20 Imperial Age
46:23 Two-Handed Swordsman
47:35 Plate Mail Armor
48:07 Blast Furnace
48:03 Champion
JusticiaPorPapa
4:01 Loom
11:50 Feudal Age
12:13 Man-at-Arms
15:31 Wheelbarrow
15:16 Scale Mail Armor
17:25 Forging
24:18 Castle Age
24:19 Fletching
25:08 Padded Archer Armor
25:57 Double-Bit Axe
26:33 Elite Skirmisher
27:10 Bodkin Arrow
27:32 Chain Mail Armor
29:34 Leather Archer Armor
29:53 Town Watch
31:13 Stone Mining
31:26 Pikeman
32:47 Ballistics
32:25 Long Swordsman
34:23 Squires
38:30 Hand Cart
38:51 Murder Holes
42:14 Gold Mining
43:18 Anarchy
44:27 Town Patrol
47:07 Iron Casting
46:54 Horse Collar
47:27 Bow Saw
53:05 Imperial Age
54:49 Halberdier
57:12 Blast Furnace
59:38 Conscription
60:39 Bracer
63:54 Chemistry
64:02 Spies/Treason
70:07 Sappers
AirPerrone
9:04 Loom
12:03 Feudal Age
13:56 Bloodlines
14:22 Double-Bit Axe
18:29 Fletching
20:17 Scale Barding Armor
24:16 Wheelbarrow
24:19 Gold Mining
25:32 Stone Mining
27:01 Horse Collar
29:10 Padded Archer Armor
31:32 Castle Age
32:33 Bodkin Arrow
33:46 Leather Archer Armor
34:45 Ballistics
34:50 Guard Tower
39:58 Murder Holes
44:09 Chain Barding Armor
44:02 Forging
49:08 Husbandry
Ringed_bagels
2:44 Loom
10:49 Feudal Age
12:17 Double-Bit Axe
25:31 Castle Age
30:27 Bloodlines
30:17 Husbandry
30:28 Scale Barding Armor
39:31 Corvinian Army
49:23 Murder Holes
55:06 Ballistics
58:51 Imperial Age
Yelmite
7:23 Loom
10:24 Feudal Age
15:02 Castle Age
16:22 Double-Bit Axe
19:31 Horse Collar
21:13 Town Watch
23:03 Scale Mail Armor
27:12 Bow Saw
29:31 Squires
30:09 Heavy Plow
34:40 Padded Archer Armor
37:19 Imperial Age
39:16 Imperial Age
37:24 Fletching
39:27 Leather Archer Armor
41:00 Chemistry
60:20 Wheelbarrow
Connection lost

Rejoining the realm…

Still unreachable

The connection could not be restored.

Session expired

The server has moved on; the page needs a fresh start.